 Dungeon Crawl Stone Soup version 0.20-a0-350-ga83eecc (webtiles) character file.

102720 RandomWanderer the Fighter (level 16, -13/93 HPs)
             Began as a Vine Stalker Wanderer on Dec 23, 2016.
             Was the Champion of Ashenzari.
             Killed from afar by Nikola (24 damage)
             ... with a chain lightning
             ... on level 1 of the Spider Nest.
             The game lasted 01:26:01 (27249 turns).

RandomWanderer the Fighter (Vine Stalker Wanderer) Turns: 27249, Time: 01:26:02

Health: -13/93     AC: 27    Str: 18    XL:     16   Next: 34%
Magic:  0/18       EV: 25    Int:  7    God:    Ashenzari [******]
Gold:   278        SH:  4    Dex: 19    Spells: 15/15 levels left

rFire  + . .     SeeInvis +     E - +3 broad axe (chaos) (curse)
rCold  + + .     Gourm    +     U - +2 ice dragon scales (curse)
rNeg   . . .     Faith    .     N - +0 buckler {AC+3}
rPois  +         Spirit   +     P - +0 helmet (curse)
rElec  .         Reflect  .     F - +1 cloak {+Inv} (curse)
rCorr  .         Harm     .     q - +1 pair of gloves "Rext" {rF++ MR+ Int-4 Stlth+} (curse)
MR     +++..     Clarity  +     (no boots)
Stlth  +.........               p - amulet of the gourmand
                                i - ring of poison resistance (curse)
                                C - +6 ring of evasion (curse)

@: about to teleport, very slightly contaminated, invisible
A: fangs 3, regeneration 2, magic shield, antimagic bite, no device heal 3, rot
immunity
a: Curse Item, Scrying, Transfer Knowledge, Renounce Religion


You were on level 1 of the Spider Nest.
You worshipped Ashenzari.
Ashenzari was exalted by your worship.
You were very full.

You visited 5 branches of the dungeon, and saw 25 of its levels.

You collected 2331 gold pieces.
You spent 2053 gold pieces at shops.

Inventory:

Hand Weapons
 E - a cursed +3 broad axe of chaos (weapon)
Armour
 q - the cursed +1 pair of gloves "Rext" (worn) {rF++ MR+ Int-4 Stlth+}
   (You bought it in a shop on level 2 of the Orcish Mines)

   It affects your intelligence (-4).
   It greatly protects you from fire.
   It affects your resistance to hostile enchantments.
   It makes you more stealthy.
   It has a curse placed upon it.
 F - a cursed +1 cloak of invisibility (worn)
 N - a +0 buckler of protection (worn)
 P - a cursed +0 helmet (worn)
 Q - the +0 large shield of Circular Logic {*Slow rPois rN+ Regen+}
   (You found it on level 3 of the Lair of Beasts)

   It protects you from poison.
   It protects you from negative energy.
   It increases your rate of regeneration.
   It may slow you when you take damage.
 U - cursed +2 ice dragon scales (worn)
Jewellery
 i - a cursed ring of poison resistance (right hand)
 j - the ring of Weosoeci {+Fly Str+4 Int+3}
   (You found it on level 6 of the Lair of Beasts)

   [ring of flight]

   It affects your strength (+4).
   It affects your intelligence (+3).
   It lets you fly.
 p - an amulet of the gourmand (around neck)
 C - a cursed +6 ring of evasion (left hand)
 T - an uncursed amulet of rage
Wands
 a - a wand of confusion (9/48)
 e - a wand of flame (12/48)
 r - a wand of lightning (6/15)
 w - a wand of disintegration (12/24)
 B - a wand of lightning (8/15)
 K - a wand of iceblast (8/15)
 O - a wand of acid (8/15)
 S - a wand of polymorph (14/24)
Scrolls
 f - 5 scrolls of teleportation
 k - a scroll of fear
 m - 7 scrolls of recharging
 n - a scroll of magic mapping
 o - a scroll of enchant armour
 z - a scroll of summoning
 D - 4 scrolls of immolation
 G - a scroll of amnesia
 I - 2 scrolls of silence
 R - 2 scrolls of vulnerability
 V - a scroll of remove curse
 W - a scroll of identify
 X - a scroll of enchant weapon
Potions
 b - 2 potions of curing
 c - 3 potions of brilliance
 g - 4 potions of cure mutation
 s - 2 potions of resistance {unknown}
 t - a potion of invisibility
 x - a potion of degeneration {unknown}
 A - 2 potions of agility
 H - 2 potions of cancellation
 L - 2 potions of magic
 M - a potion of ambrosia
Books
 y - a book of Necromancy

   Spells                             Type                      Level
   a - Pain                           Necromancy                   1
   b - Animate Skeleton               Necromancy                   1
   c - Vampiric Draining              Necromancy                   3
   d - Regeneration                   Charms/Necromancy            3
   e - Animate Dead                   Necromancy                   4
   f - Control Undead                 Necromancy                   4
Comestibles
 d - 14 bread rations
 h - 7 beef jerkies
 l - 8 meat rations
 u - 11 fruits
 v - 3 slices of pizza
 J - a royal jelly


   Skills:
 * Level 14.8 Fighting
 * Level 12.1(16.2) Axes
 - Level 12.1(14.8) Armour
 - Level 11.5(14.2) Dodging
 - Level 1.0 Shields
   Level 3.0(5.6) Charms
 - Level 2.4(4.8) Evocations


You had 15 spell levels left.
You didn't know any spells.

Dungeon Overview and Level Annotations

Branches:
Dungeon (15/15)            Temple (1/1) D:5            Lair (6/6) D:8
  Swamp (0/4) Lair:4       Spider (1/4) Lair:4        Slime (0/5) Lair:6
    Orc (2/2) D:9             Elf (0/3) Orc:2        Vaults (0/5) D:13
 Depths (0/5) D:15

Altars:
Ashenzari
Cheibriados
Dithmenos
Elyvilon
Gozag
Hepliaklqana
Okawaru
Qazlal
Ru
Sif Muna
Trog
Uskayaw
Xom
Yredelemnul
The Shining One
Jiyva

Shops:
D:8 [   D:13 *(   D:14 %   D:15 !   Orc:1 %   Orc:2 ([[:

Annotations:
D:3 Jano's ghost, amateur DsFi
D:11 exclusion: sensed monster (detected)
Spider:1 Nikola


Innate Abilities, Weirdness & Mutations

You have razor-sharp teeth.
You heal very quickly.
When hurt, damage is shared between your health and your magic reserves.
Your bite disrupts and absorbs the magic of your enemies.
Potions cannot restore your health.
You are immune to rotting.


Message History

Nikola yells, "Danger!
Danger!
High voltage!"
Nikola casts a spell.
Nikola blinks!
You slice Nikola!!
Nikola's magic leaks into the air.
Your bite misses Nikola.
Nikola is moderately wounded.
Nikola casts a spell.
You hear a mighty clap of thunder!
The lightning arc hits you!
The lightning arc hits Nikola.
The lightning arc hits you!
The lightning arc hits Nikola.
The lightning arc hits you!
The lightning arc hits Nikola.
You hear an angry hiss.
As you read the scroll of teleportation, it crumbles to dust.
You feel strangely unstable.
Nikola casts a spell.
You hear a mighty clap of thunder!
The lightning arc hits you!
The lightning arc hits Nikola.
The lightning arc hits you!
* * * LOW HITPOINT WARNING * * *
The lightning arc hits Nikola.
The lightning arc hits you!
You die...

... , , ,, , ,,, ..###
*...... ,..,, , * ....####
#.....,...,, ,***
....##.### ###......... ,
...##....####^....##..##,,
,,
.........##^.#.........# ,
*
........##....(........#,
......................#**
, ,***
................@###, *
,,,,** ,
##..#.).......^.@..#** ,,
####....###.......# ** , ,
#..### ##.....## * , ,
#### ##..### *,,,, # ####
*, , ,,, ## * ** .# * ,*
.####### ** **


You could see Nikola.

Vanquished Creatures
  A storm dragon (Lair:6)
  Azrael (D:13)
  An ettin (Orc:2)
  Josephine (D:14)
  3 ogre magi
  4 vault guards (D:13)
  A rakshasa (Spider:1)
  4 catoblepae (Lair:6)
  A death knight (D:15)
  4 hydras
  13 two-headed ogres
  3 centaur warriors
  2 tengu warriors
  7 death yaks (Lair:6)
  2 orc high priests
  3 unseen horrors
  2 deep trolls (Orc:2)
  A glowing orange brain (D:15)
  3 orc knights
  An orb spider (Spider:1)
  A deep elf mage (D:15)
  5 wolf spiders (Spider:1)
  3 orc sorcerers
  6 ugly things
  11 slime creatures
  6 cyclopes
  Maurice (D:8)
  A centaur zombie (D:10)
  A moth of wrath (Spider:1)
  5 black mambas
  4 manticores
  14 elephants
  9 spiny frogs
  A gargoyle (D:12)
  A torpor snail (Lair:5)
  6 komodo dragons
  An efreet (D:14)
  2 demonic crawlers (Spider:1)
  4 freezing wraiths
  2 rime drakes
  A kobold demonologist (D:13)
  14 trolls
  A meliai (shapeshifter) (D:15)
  7 jumping spiders
  A hornet (shapeshifter) (D:15)
  A polar bear (Lair:6)
  7 blink frogs
  A dream sheep (shapeshifter) (D:15)
  A harpy skeleton (D:15)
  8 hippogriffs
  A meliai zombie (D:13)
  Sigmund (D:5)
  3 tarantellas (Spider:1)
  5 redbacks
  A spriggan (D:8)
  2 shadows (D:15)
  4 wraiths
  2 wyverns
  51 yaks
  3 hungry ghosts
  3 basilisks
  Grum (D:8)
  A fire elemental (D:14)
  A steam dragon (D:10)
  4 wargs
  An acid dragon (D:13)
  A soldier ant (D:11)
  6 swamp worms (Lair:4)
  3 hell hounds (D:14)
  7 water moccasins
  6 porcupines
  4 sky beasts
  11 orc warriors
  3 black bears
  2 eyes of draining
  4 ice beasts
  2 necrophages
  4 phantoms
  A hornet zombie (D:15)
  5 boggarts (D:15)
  18 wolves
  16 crocodiles
  28 ogres
  19 centaurs
  25 bullfrogs
  A big kobold (D:14)
  A gnoll sergeant (D:10)
  3 scorpions
  A wyvern skeleton (D:11)
  7 killer bees
  9 wights
  2 howler monkeys
  3 electric eels (Lair:4)
  13 crimson imps
  A quasit (D:15)
  A bullfrog skeleton (D:11)
  2 hounds
  10 jellies
  A gnoll shaman (D:4)
  4 centaur skeletons
  16 orc priests
  19 orc wizards
  Ijyb (D:2)
  7 iguanas
  8 worker ants
  A killer bee zombie (D:9)
  A hound zombie (D:5)
  A hound skeleton (D:6)
  2 worker ant zombies (D:10)
  12 gnolls
  14 adders
  5 shadow imps
  3 oozes
  An adder skeleton (D:5)
  3 worms
  A dart slug (D:4)
  6 leopard geckos
  80 orcs
  2 ball pythons
  8 bats
  7 giant cockroaches
  4 goblins
  9 hobgoblins
  17 jackals
  6 quokkas
  2 frilled lizards (D:3)
  A jackal zombie (D:5)
  8 kobolds
  A leopard gecko skeleton (D:7)
  A leopard gecko zombie (D:8)
  4 rats
  3 fungi
  4 plants (Lair:6)
750 creatures vanquished.

Vanquished Creatures (collateral kills)
  Agnes (D:14)
  A redback (Spider:1)
2 creatures vanquished.

Vanquished Creatures (others)
  A catoblepas (Lair:6)
  An ugly thing (D:14)
  A yak (Lair:6)
  A wight (D:13)
  An orc priest (D:14)
  13 fungi
  11 plants (Lair:6)
29 creatures vanquished.

Grand Total: 781 creatures vanquished

Notes
Turn   | Place    | Note
-------+----------+-------------------------------------------
     0 | D:1      | RandomWanderer the Vine Stalker Wanderer began the quest for the Orb.
     0 | D:1      | RandomWanderer set off with: a +2 scale mail, a potion of lignification, a +0 hand axe, a bread ration
     0 | D:1      | Reached XP level 1. HP: 10/10 MP: 2/2
   193 | D:1      | Reached XP level 2. HP: 14/14 MP: 3/3
   770 | D:1      | Reached skill level 2 in Fighting
   770 | D:1      | Reached XP level 3. HP: 18/18 MP: 4/4
  1944 | D:2      | Noticed Ijyb
  1961 | D:2      | Killed Ijyb
  1961 | D:2      | Gained mutation: Your natural rate of healing is unusually fast. [Vine Stalker growth]
  1961 | D:2      | Reached XP level 4. HP: 23/23 MP: 5/5
  2345 | D:3      | Found an opulent altar of Gozag.
  2543 | D:3      | Noticed Jano's ghost (amateur DsFi)
  2893 | D:3      | Reached skill level 3 in Fighting
  2928 | D:3      | Found a faded altar of an unknown god.
  3012 | D:3      | Found a hazy altar of Hepliaklqana.
  3013 | D:3      | Found a shimmering altar of Xom.
  3013 | D:3      | Noticed a thorn hunter
  3014 | D:3      | Noticed a thorn hunter
  3014 | D:3      | Noticed a spectral ugly thing
  3071 | D:3      | Reached XP level 5. HP: 27/28 MP: 4/6
  3285 | D:3      | Found a glowing golden altar of the Shining One.
  3288 | D:3      | Found a deep blue altar of Sif Muna.
  3291 | D:3      | Found a white marble altar of Elyvilon.
  3611 | D:4      | Reached XP level 6. HP: 19/32 MP: 7/7
  3638 | D:4      | Found a bloodstained altar of Trog.
  3658 | D:4      | Found an iron altar of Okawaru.
  4193 | D:5      | Entered Level 5 of the Dungeon
  4236 | D:5      | Noticed an orc warrior
  4308 | D:5      | Noticed Sigmund
  4343 | D:5      | Killed Sigmund
  4343 | D:5      | Reached skill level 5 in Axes
  4343 | D:5      | Reached XP level 7. HP: 12/36 MP: 2/8
  4435 | D:5      | Found a hide-covered altar of Uskayaw.
  4530 | D:5      | Found a stormy altar of Qazlal.
  5322 | D:5      | Gained mutation: You have razor-sharp teeth. [Vine Stalker growth]
  5322 | D:5      | Reached XP level 8. HP: 36/40 MP: 9/9
  5867 | D:5      | Found a staircase to the Ecumenical Temple.
  5920 | Temple   | Entered the Ecumenical Temple
  5926 | Temple   | Became a worshipper of Ashenzari the Shackled
  6182 | D:6      | Found a shadowy altar of Dithmenos.
  6344 | D:6      | Reached skill level 4 in Fighting
  6658 | D:6      | Reached skill level 5 in Fighting
  6781 | D:6      | Reached skill level 6 in Fighting
  6915 | D:6      | Reached XP level 9. HP: 48/48 MP: 10/10
  7424 | D:6      | Reached skill level 7 in Fighting
  7596 | D:7      | Reached skill level 1 in Dodging
  7715 | D:7      | Reached * piety under Ashenzari
  7875 | D:8      | Noticed Grum
  8419 | D:8      | Found a staircase to the Lair.
  8424 | D:8      | Noticed Maurice
  8513 | D:8      | Killed Grum
  8537 | D:8      | Killed Maurice
  8537 | D:8      | Reached skill level 5 in Armour
  8537 | D:8      | Reached XP level 10. HP: 55/55 MP: 11/11
  8798 | D:8      | Found Kergh's Armour Shop.
  9047 | D:8      | Bought a +2 scale mail of cold resistance for 231 gold pieces
  9047 | D:8      | Bought a +0 buckler of protection for 126 gold pieces
  9319 | D:8      | Reached skill level 5 in Dodging
  9500 | D:9      | Found a shimmering altar of Xom.
  9588 | D:9      | Found a staircase to the Orcish Mines.
  9743 | D:9      | Noticed a two-headed ogre
  9755 | D:9      | Killed a two-headed ogre
 10082 | D:9      | Reached XP level 11. HP: 52/58 MP: 10/12
 10468 | D:8      | Identified a scroll of acquirement
 10515 | Lair:1   | Entered Level 1 of the Lair of Beasts
 10583 | D:10     | Entered Level 10 of the Dungeon
 10617 | D:10     | Reached ** piety under Ashenzari
 11958 | Lair:1   | Reached skill level 8 in Fighting
 12758 | Lair:1   | Noticed a five-headed hydra
 12920 | Lair:2   | Reached *** piety under Ashenzari
 13086 | Lair:2   | Identified the +7 shortbow "Dyimoh" {speed, rF- Int+3}
 13789 | Lair:3   | Reached **** piety under Ashenzari
 13807 | Lair:3   | Reached skill level 9 in Fighting
 13939 | Lair:3   | Gained mutation: You heal very quickly. [Vine Stalker growth]
 13939 | Lair:3   | Reached XP level 12. HP: 65/66 MP: 12/14
 14011 | Lair:3   | Got the uncursed large shield of Circular Logic {*Slow rPois rN+ Regen+}
 14096 | Lair:3   | Noticed a four-headed hydra
 14932 | Orc:1    | Entered Level 1 of the Orcish Mines
 14938 | D:9      | Reached skill level 10 in Fighting
 15080 | Orc:2    | Entered Level 2 of the Orcish Mines
 15169 | Orc:2    | Noticed a two-headed ogre
 15172 | Orc:2    | Noticed a two-headed ogre
 15179 | Orc:2    | Noticed a two-headed ogre
 15207 | Orc:1    | Killed a two-headed ogre
 15342 | Orc:2    | Killed a two-headed ogre
 15342 | Orc:2    | Reached skill level 10 in Axes
 15455 | Orc:2    | Noticed an orc high priest
 15590 | Orc:2    | Killed an orc high priest
 15637 | Orc:2    | Found a staircase to the Elven Halls.
 15755 | Orc:2    | Noticed an ogre mage
 15771 | Orc:2    | Killed an ogre mage
 15771 | Orc:2    | Reached skill level 11 in Fighting
 15890 | Orc:2    | Noticed a two-headed ogre
 15899 | Orc:2    | Killed a two-headed ogre
 16148 | Orc:2    | Noticed an ettin
 16169 | Orc:2    | Killed an ettin
 16169 | Orc:2    | Reached XP level 13. HP: 55/74 MP: 9/15
 16324 | Orc:2    | Found Fogg's Armour Boutique.
 16823 | Orc:2    | Found Foidgh's Weapon Shop.
 16830 | Orc:2    | Found Xisot's Armour Shoppe.
 16886 | Orc:2    | Reached skill level 12 in Fighting
 16989 | Orc:2    | Found Efaceam's Book Shop.
 17095 | Orc:1    | Found Pedizea's Food Shop.
 17344 | Orc:2    | Bought +2 ice dragon scales for 1152 gold pieces
 17995 | D:11     | Reached ***** piety under Ashenzari
 18832 | D:12     | Found a basalt altar of Yredelemnul.
 19592 | D:13     | Found a gate to the Vaults.
 19592 | D:13     | Noticed a vault guard
 19592 | D:13     | Noticed a vault guard
 19592 | D:13     | Noticed a vault guard
 19592 | D:13     | Noticed a vault guard
 19720 | D:13     | Identified the +0 leather armour of the Wasteland {rF+}
 19790 | D:13     | Reached XP level 14. HP: 81/81 MP: 16/16
 19840 | D:13     | Found Puicwe's Demolitions Depot.
 20006 | D:13     | Found Yvaaq's Weapon Emporium.
 20031 | D:13     | Reached skill level 10 in Dodging
 20083 | D:13     | Found a shadowy altar of Dithmenos.
 20529 | Orc:2    | Bought the +1 pair of gloves "Rext" {rF++ MR+ Int-4 Stlth+} for 544 gold pieces
 20803 | Lair:4   | Found a hole to the Spider Nest.
 21045 | Lair:4   | Reached skill level 10 in Armour
 21134 | Lair:4   | Found a staircase to the Swamp.
 22278 | Lair:6   | Entered Level 6 of the Lair of Beasts
 22379 | Lair:6   | Reached skill level 13 in Fighting
 22587 | Lair:6   | Identified the ring of Weosoeci {+Fly Str+4 Int+3}
 22587 | Lair:6   | Reached ****** piety under Ashenzari
 22829 | Lair:6   | Reached XP level 15. HP: 81/86 MP: 17/17
 22891 | Lair:6   | Found a staircase to the Slime Pits.
 22892 | Lair:6   | Found a viscous altar of Jiyva.
 23564 | Lair:6   | Noticed a storm dragon
 23564 | Lair:6   | a death yak changed into a storm dragon
 23589 | Lair:6   | Killed a storm dragon
 24156 | Lair:6   | Identified the +2 robe of a Thousand Cities {Int+4 Slay+3}
 24167 | Lair:6   | Identified Norphu's Volume of Boosts and Companions
 24492 | D:14     | Noticed Agnes
 24498 | D:14     | Reached skill level 14 in Fighting
 24515 | D:14     | Noticed Josephine
 24639 | D:14     | Noticed Azrael
 24685 | D:14     | Found Iclil's Food Shoppe.
 24842 | D:14     | Killed Josephine
 24907 | D:13     | Killed Azrael
 25117 | D:14     | Killed Agnes
 25402 | D:15     | Entered Level 15 of the Dungeon
 25724 | D:15     | Found Ovat's Distillery.
 26051 | D:15     | Reached XP level 16. HP: 93/93 MP: 16/18
 26122 | D:15     | Found a staircase to the Depths.
 26829 | Spider:1 | Entered Level 1 of the Spider Nest
 27234 | Spider:1 | Noticed Nikola
 27249 | Spider:1 | Killed from afar by Nikola

Vault maps used:
D:1:      dpeg_arrival_chase
D:2:      uniq_iyjb
D:3:      regret_index_temple_of_mockery, nicolae_overflow_crystal_walls,
          grunt_temple_overflow_diamond, first_bread,
          chequers_ecumenical_altar_simple
D:4:      grunt_temple_overflow_bloody_war
D:5:      lemuel_coloured_pillars_altar, nicolae_qazlal_eye_of_the_storm,
          uniq_sigmund
D:6:      nicolae_dithmenos_the_darkroom
D:7:      hex_medium
D:8:      lair_entry_dummy, serial_shops, shop_statue, the_bakery, uniq_maurice,
          uniq_grum
D:9:      hiddenorc2_lemuel, serial_bayou_pond_a, minmay_ruined_shrine
D:11:     minmay_misc_feat_tower, uniq_snorg
D:12:     basic_altar
D:13:     lightli_vaults_fourway_checkpoint, serial_shops, shop, basic_altar,
          nicolae_blasting_shop
D:14:     serial_shops, shop, uniq_agnes, uniq_azrael, uniq_josephine
D:15:     gammafunk_enter_depths_forms, serial_shops, shop
Temple:   compressed_dpeg_circular_temple
Lair:1:   beast_lair_carwin_9, infiniplex_staircase_pool_2
Lair:4:   nicolae_swamp_entry_splash_gauntlet, spider_nest_entry_a
Lair:6:   evilmike_catoblepas_cave, slime_altar_1
Spider:1: hangedman_spider_tarantella_strand, uniq_nikola
Orc:1:    serial_shops, shop
Orc:2:    st_orc_open

Skill      XL: |  1  2  3  4  5  6  7  8  9 10 11 12 13 14 15 16 |
---------------+-------------------------------------------------+-----
Fighting       | 2 3 6 7 9 11 12 13 14 | 14.8
Axes           | 2 4 5 7 8 10 11 12 | 12.1
Dodging        | 4 6 7 9 10 11 | 11.5
Armour         | 5 7 8 11 12 | 12.1
Evocations     | 2 |  2.4
Shields        | |  1.0
Charms         | |  3.0

Action                   |  1- 3 |  4- 6 |  7- 9 | 10-12 | 13-15 | 16-18 || total
-------------------------+-------+-------+-------+-------+-------+-------++-------
Melee: Hand axe          |   121 |   188 |   122 |       |       |       ||   431
       Bite              |    33 |    54 |   131 |   239 |   632 |    74 ||  1163
       Broad axe         |       |       |   229 |   666 |  1418 |   191 ||  2504
       War axe           |       |       |    19 |       |       |       ||    19
Invok: Curse Item        |       |       |     2 |     2 |     1 |     1 ||     6
 Abil: Evoke Invisibilit |       |       |       |    12 |    19 |       ||    31
Evoke: Wand              |       |       |     8 |       |     1 |       ||     9
       Phantom mirror    |       |       |       |       |     1 |       ||     1
  Use: Scroll            |       |     3 |     8 |    15 |     9 |     2 ||    37
       Potion            |       |     4 |       |       |     6 |     1 ||    11
 Stab: Invisible         |       |       |       |    41 |    46 |       ||    87
       Confused          |       |       |       |       |     5 |       ||     5
       Petrified         |       |       |       |       |    11 |       ||    11
       Petrifying        |       |       |       |       |     4 |       ||     4
       Paralysed         |       |       |       |       |     2 |     5 ||     7
  Eat: Chunk             |     3 |    10 |    20 |    55 |    41 |     3 ||   132
Armor: Scale mail        |    54 |    95 |   129 |   194 |    23 |       ||   495
       Skin              |       |     9 |       |       |       |       ||     9
       Ice dragon scales |       |       |       |       |   379 |    51 ||   430
Dodge: Dodged            |    59 |    81 |   140 |   692 |  1611 |   210 ||  2793
Block: Buckler           |       |    22 |    83 |   117 |   294 |    48 ||   564
